Map: Terraform LE (Void)

Players

SticklerMac - Winner!

  • Race: Zerg Zerg
  • League: Silver

Panda

  • Race: Zerg Zerg
  • League: Silver

VOD

Have the link to the VOD?

Description

Time

  • Played on: Sept. 19, 2015, 5:35 p.m.
  • Length: 5:24
Show
View Real Time Build Order
Export as new Build Order

SticklerMac Zerg - Winner!

Build Orders: Pool First, Zergling Baneling 

Get SALT Encoding   

  12  0:03  Drone  
  13  0:08  Drone  
  14  0:17  Overlord  
  14  0:35  Spawning Pool  
  13  0:37  Drone  
  13  0:42  Extractor  
  13  0:43  Drone  
  13  0:47  Drone  
  15  0:52  Drone  
  16  0:59  Drone  
  17  1:10  Drone  
  18  1:27  Hatchery  
  18  1:30  Drone  
  18  1:33  Drone  
  19  1:43  Drone  
  19  1:45  Metabolic Boost  
  20  1:55  Queen  
  22  2:01  Overlord  
  22  2:08  Overlord  
  22  2:19  Baneling Nest  
  22  2:21  Drone  
  22  2:25  Drone  
  23  2:38  Drone  
  23  2:40  Zergling x2  
  23  2:41  Queen  
  27  2:47  Zergling x2  
  28  2:56  Zergling x2  
  29  2:59  Zergling x2  
  30  3:10  Zergling x10  
  30  3:12  Overlord  
  35  3:18  Zergling x2  
  36  3:24  Overlord  
  36  3:30  Overlord  
  36  3:33  Zergling x2  
  37  3:40  Zergling x2  
  38  3:44  Zergling x2  
  39  3:52  Zergling x10  
  39  3:53  Zergling x6  
  46  4:01  Zergling x4  
  40  4:11  Zergling x4  
  41  4:25  Baneling x5  
  41  4:26  Baneling x3  
  38  4:31  Zergling x6  
  38  4:32  Zergling x2  
  37  4:41  Zergling x4  
  37  4:51  Zergling x10  
  37  4:52  Zergling x4  
Show
View Real Time Build Order
Export as new Build Order

Panda Zerg 

Build Orders: Pool First 

Get SALT Encoding   

  12  0:01  Drone  
  13  0:13  Overlord  
  13  0:17  Drone  
  14  0:23  Extractor  
  14  0:24  Drone  
  14  0:35  Drone  
  15  0:36  Drone  
  16  0:49  Spawning Pool  
  15  0:53  Drone  
  16  0:57  Drone  
  17  1:08  Drone  
  18  1:28  Hatchery  
  17  1:34  Overlord  
  17  1:41  Metabolic Boost  
  17  1:46  Drone  
  18  1:51  Drone  
  19  1:55  Zergling x2  
  20  2:08  Drone, Extractor  
  20  2:09  Queen  
  22  2:19  Overlord  
  22  2:31  Drone  
  24  2:37  Drone  
  24  2:39  Queen  
  24  2:40  Drone  
  27  2:52  Drone  
  27  3:05  Queen  
  27  3:06  Roach Warren  
  27  3:11  Drone  
  29  3:33  Drone x2  
  31  3:34  Drone  
  31  3:39  Zergling x2  
  31  3:40  Zergling x12  
  27  3:57  Zergling x4  
  27  3:58  Zergling x6  
  21  4:10  Drone  
  21  4:27  Drone x2  
  21  4:30  Drone  
  20  4:50  Zergling x6  
  14  5:12  Drone  
Tags
 
Add a new tag
Caveats
  • Supply blocks, unpowered buildings, or Contaminate may cause inaccurate times.
  • Supply counts are checked every 10 seconds.